 Dungeon Sprint DCSS version bcrawl-1.23 (webtiles) character file.

Game seed: 12002809148334241908

3771 Freyura the Fighter (level 10, -1/54 HPs)
             Began as a Gargoyle Fighter on May 22, 2020.
             Was a High Priest of Qazlal.
             Slain by a fire crab (shapeshifter) (6 damage)
             ... in the Dungeon (Sprint V: "Ziggurat Sprint").
             The game lasted 00:08:30 (436 turns).

Freyura the Fighter (Gargoyle Fighter)               Turns: 436, Time: 00:08:31

Health: -1/54      AC: 25    Str: 32    XL:     10   Next: 16%
Magic:  15/15      EV:  2    Int:  9    God:    Qazlal [*****.]
Gold:   0          SH:  0    Dex:  8    Spells: 9/9 levels left

rFire    + . .     SeeInvis .   l - +6 shillelagh "Devastator" {shatter}
rCold    . . .     Gourm    .   b - +3 large shield
rNeg     + . .     Faith    .   a - +5 crystal plate armour
rPois    ∞         Spirit   .   (no helmet)
rElec    +         Reflect  .   (no cloak)
rCorr    .         Harm     .   (no gloves)
MR       .....     NoTele   +   (no boots)
Stlth    ..........             (no amulet)
HPRegen  0.18/turn              C - +6 ring of strength
MPRegen  0.14/turn              D - +6 ring of strength

@: confused, protected from fire, repel missiles
A: [clumsy 2], [deformed body], [frail 2], [low mp 1], negative energy
resistance 1, electricity resistance, unbreathing, petrification resistance, rot
immunity, AC +7
a: Upheaval, Elemental Force, Disaster Area, Renounce Religion


You were in the Dungeon.
You worshipped Qazlal.
Qazlal was extremely pleased with you.
You were not hungry.

You visited 1 branch

Inventory:

Hand Weapons
 l - the +6 shillelagh "Devastator" (weapon) {shatter}
   (You found it in the Dungeon)
 G - the +9 war axe "Iretucoq" {chop, rF+}
   (You found it in the Dungeon)

   It inflicts extra damage upon your enemies.
   It protects you from fire.
Armour
 a - a +5 crystal plate armour (worn)
 b - a +3 large shield (worn)
 F - the +0 Maxwell's etheric cage {RegenMP+ *Contam rElec Stlth-}
   (You found it in the Dungeon)

   It insulates you from electricity.
   It causes magical contamination when unequipped.
   It makes you less stealthy.
 J - the +1 plate armour of the Pleiades {rCorr Str+4 SInv}
   (You found it in the Dungeon)

   It affects your strength (+4).
   It lets you see invisible.
   It provides partial protection from all sources of acid and corrosion.
Jewellery
 y - a +6 ring of dexterity
 z - a +6 ring of dexterity
 A - a +6 ring of intelligence
 B - a +6 ring of intelligence
 C - a +6 ring of strength (left hand)
 D - a +6 ring of strength (right hand)
 H - an uncursed ring of protection from cold
Wands
 v - a wand of disintegration (7)
 w - a wand of iceblast (6)
 x - a wand of acid (7)
Scrolls
 c - 4 scrolls of amnesia
 k - 4 scrolls of blinking
 m - 8 scrolls of fog
 n - 5 scrolls of identify
 o - 5 scrolls of remove curse
 p - 2 scrolls of fear
 t - a scroll of brand weapon
Potions
 d - 6 potions of might
 f - 10 potions of curing
 g - 10 potions of heal wounds
 h - 6 potions of haste
 i - 7 potions of magic
 j - 3 potions of berserk rage
 q - 2 potions of brilliance
 r - 2 potions of invisibility
 s - 4 potions of resistance
 u - 5 potions of agility
Miscellaneous
 E - a lightning rod (4/4)
 I - a phial of floods
Comestibles
 e - 7 rations {!d}


   Skills:
 + Level 10.3 Fighting
 + Level 9.2 Maces & Flails
 + Level 10.2 Armour
 + Level 7.5 Dodging
 + Level 10.3 Shields
 + Level 9.7 Invocations
 + Level 8.1 Evocations


You had 9 spell levels left.
You didn't know any spells.
Your spell library contained the following spells:

 Spells                   Type           Power        Failure   Level  Hunger
 Animate Skeleton         Necr           N/A          100%        1    ##.....
 Beastly Appendage        Tmut           #.....       100%        1    ##.....
 Throw Frost              Conj/Ice       #.....       100%        2    ###....
 Ignite Poison            Fire/Tmut/Pois #.......     100%        3    ####...
 Regeneration             Chrm/Necr      #.........   100%        3    ####...
 Vampiric Draining        Necr           #.........   100%        3    ####...
 Animate Dead             Necr           N/A          100%        4    #####..
 Yara's Violent Unravell  Hex/Tmut       #.........   100%        4    #####..
 Dispel Undead            Necr           #.......     100%        5    ######.
 Lee's Rapid Deconstruct  Erth           #.........   100%        5    ######.
 Infestation              Hex/Tmut/Pois  #........    100%        6    #######
 Icicle Burst             Conj/Ice       #.........   100%        7    #######
 Statue Form              Tmut/Erth      Unusable     N/A         6    N/A

Dungeon Overview and Level Annotations

Branches:
Dungeon (1/1)

Altars:
Ashenzari
Cheibriados
Dithmenos
Elyvilon
Fedhas
Gozag
Hepliaklqana
Kikubaaqudgha
Lugonu
Makhleb
Nemelex Xobeh
Okawaru
Qazlal
Ru
Sif Muna
Trog
Uskayaw
Vehumet
Wu Jian
Xom
Yredelemnul
Zin
The Shining One
Beogh
Jiyva

Annotations:
D 1 transporter


Innate Abilities, Weirdness & Mutations

You are resistant to torment.
Your stone body is resilient. (AC +7)
You are immune to poison.
You resist negative energy. (rN+)
You are resistant to electric shocks. (rElec)
You can survive without breathing.
You are immune to petrification.
You are immune to rotting.
[You are very clumsy. (Dex -4)]
[Armour fits poorly on your strangely shaped body.]
[You are very frail. (-20% HP)]
[Your magical capacity is low. (-10% MP)]


Message History

You bump into the unnaturally hard rock wall.
The fire crab bites you but does no damage.
The fire crab claws you but does no damage.
You bump into the unnaturally hard rock wall.
The fire crab bites you but does no damage.
The fire crab claws you.
You are engulfed in flames!
Your resistance to physical damage fades away.
You feel protected from fire.
The shining eye looks around.
You feel clumsy. x2
You hit the shining eye.
The shining eye and the fire crab shudder.
The shining eye is almost dead.
The fire crab is almost dead.
The shining eye is almost dead.
The fire crab bites you!
* * * LOW HITPOINT WARNING * * *
You are engulfed in flames.
You resist.
* * * LOW HITPOINT WARNING * * *
The fire crab claws you.
You die...

▓..8©8..▓
▓..)=[..▓
▓..=))..▓
▓.......▓
▓.......▓
▓.......▓
▓..○○.☼.▓
▓.††Gt.§▓
▓.†.©@○.▓
▓▓▓▓▓▓▓▓▓


You could see a shining eye and a fire crab.

Vanquished Creatures
  An ugly thing (D)
  A wolf spider (D)
  A black mamba (shapeshifter) (D)
  2 yaktaurs (D)
  A slime creature (D)
  2 redbacks (D)
  3 golden eyes (D)
  A neqoxec (D)
  A golden eye (shapeshifter) (D)
  A hell hound (D)
  2 floating eyes (D)
  2 black bears (D)
  2 eyes of draining (D)
  2 centaurs (D)
  3 scorpions (D)
  A crimson imp (D)
  A jelly (D)
  An ufetubus (D)
28 creatures vanquished.

Notes
Turn   | Place    | Note
-------+----------+-------------------------------------------
     0 | D        | Freyura the Gargoyle Fighter began the quest for the Orb.
     0 | D        | Reached XP level 1. HP: 14/14 MP: 1/1
    16 | D        | Found a blossoming altar of Fedhas.
    17 | D        | Found the +6 Majin-Bo {vamp, *Drain Str+12 Int+24}
    17 | D        | Found the +7 great mace "Firestarter" {inner flame, rF++}
    19 | D        | Found a viscous altar of Jiyva.
    19 | D        | Found a transporter.
    19 | D        | Found a hazy altar of Hepliaklqana.
    19 | D        | Found an ancient bone altar of Kikubaaqudgha.
    19 | D        | Found an opulent altar of Gozag.
    19 | D        | Found a corrupted altar of Lugonu.
    24 | D        | Found a burning altar of Makhleb.
    25 | D        | Found an iron altar of Okawaru.
    25 | D        | Found a stormy altar of Qazlal.
    25 | D        | Found a sparkling altar of Nemelex Xobeh.
    25 | D        | Found a sacrificial altar of Ru.
    25 | D        | Found a shimmering blue altar of Sif Muna.
    32 | D        | Found the +6 shillelagh "Devastator" {shatter}
    32 | D        | Found the +11 plutonium sword {*Contam Stlth-}
    32 | D        | Found the +8 lance "Wyrmbane" {slay drac, rPois rF+ rC+
                  | AC+3}
    32 | D        | Found the +9 sword of Zonguldrok {reap}
    32 | D        | Found the cursed +13 scythe of Curses {drain, *Curse}
    32 | D        | Found the +0 sword of Power
    32 | D        | Found the +7 mace of Variability {chain chaos}
    32 | D        | Found the +7 Singing Sword {slice}
    32 | D        | Found the +7 longbow "Piercer" {penet, EV-2}
    59 | D        | Found a bloodstained altar of Trog.
    80 | D        | Became a worshipper of Qazlal Stormbringer
    87 | D        | Reached XP level 2. HP: 20/20 MP: 2/4
    98 | D        | Entered arena 2.
    98 | D        | Noticed a black bear
    98 | D        | Noticed a black bear
    98 | D        | Found a transporter.
   100 | D        | Killed a black bear
   100 | D        | Reached skill level 5 in Fighting
   100 | D        | Reached skill level 5 in Armour
   100 | D        | Reached skill level 5 in Shields
   100 | D        | Reached XP level 3. HP: 26/26 MP: 3/5
   100 | D        | Reached XP level 4. HP: 31/31 MP: 3/6
   102 | D        | Killed a black bear
   102 | D        | Reached skill level 5 in Maces & Flails
   102 | D        | Reached XP level 5. HP: 36/36 MP: 3/8
   109 | D        | Entered arena 3.
   109 | D        | Noticed a hell hound
   109 | D        | Found a transporter.
   113 | D        | Killed a hell hound
   113 | D        | Reached * piety under Qazlal
   113 | D        | Reached skill level 5 in Invocations
   113 | D        | Reached XP level 6. HP: 42/42 MP: 4/9
   130 | D        | Entered arena 4.
   130 | D        | Noticed a yaktaur
   130 | D        | Noticed a yaktaur
   130 | D        | Found a transporter.
   131 | D        | Found the +0 Maxwell's etheric cage {RegenMP+ *Contam rElec
                  | Stlth-}
   135 | D        | Killed a yaktaur
   135 | D        | Reached ** piety under Qazlal
   135 | D        | Reached skill level 5 in Evocations
   135 | D        | Reached XP level 7. HP: 39/48 MP: 7/11
   135 | D        | Reached skill level 5 in Dodging
   140 | D        | Killed a yaktaur
   140 | D        | Reached XP level 8. HP: 45/54 MP: 8/13
   149 | D        | Got Ihuunup's Disquisition on Shape Shifting
   154 | D        | Entered arena 5.
   154 | D        | Noticed a slime creature
   154 | D        | Found a transporter.
   163 | D        | Reached *** piety under Qazlal
   179 | D        | Killed a slime creature
   185 | D        | Got the +9 war axe "Iretucoq" {chop, rF+}
   330 | D        | Entered arena 6.
   330 | D        | Found a transporter.
   331 | D        | Paralysed by a floating eye for 3 turns
   336 | D        | Reached **** piety under Qazlal
   338 | D        | Paralysed by a floating eye for 4 turns
   340 | D        | Reached XP level 9. HP: 60/60 MP: 7/15
   344 | D        | Paralysed by a floating eye for 3 turns
   385 | D        | Got the Papyrus of the Dark Snowflakes
   388 | D        | Entered arena 7.
   388 | D        | Noticed a wolf spider
   389 | D        | Found a transporter.
   392 | D        | Reached ***** piety under Qazlal
   395 | D        | Killed a wolf spider
   402 | D        | Got the +1 plate armour of the Pleiades {rCorr Str+4 SInv}
   408 | D        | Got the Collected Works on Stones and Necromancy
   413 | D        | Entered arena 8.
   413 | D        | Noticed a fire crab
   413 | D        | Noticed a black mamba
   413 | D        | Noticed a shining eye
   413 | D        | Noticed a green ugly thing
   414 | D        | Found the +2 hat of the Bear Spirit {Spirit, +Rage rN+
                  | MR++}
   414 | D        | Found a transporter.
   420 | D        | Killed a black mamba
   420 | D        | Reached skill level 10 in Fighting
   420 | D        | Reached skill level 10 in Shields
   420 | D        | Reached skill level 10 in Armour
   420 | D        | Reached XP level 10. HP: 47/68 MP: 15/17
   427 | D        | Killed a green ugly thing
   436 | D        | Slain by a fire crab (shapeshifter)

Skill      XL: |  1  2  3  4  5  6  7  8  9 10 |
---------------+-------------------------------+-----
Fighting       | 4 5 6 7 8 10 | 10.3
Maces & Flails | 3 4 5 6 7 9 |  9.2
Armour         | 4 5 6 7 8 10 | 10.2
Dodging        | 2 3 4 5 6 7 |  7.5
Shields        | 4 5 6 7 8 10 | 10.3
Invocations    | 2 3 4 5 6 7 8 9 |  9.7
Evocations     | 2 3 4 5 6 7 8 |  8.1

Action                   |  1- 3 |  4- 6 |  7- 9 | 10-12 || total
-------------------------+-------+-------+-------+-------++-------
Melee: Shillelagh        |     1 |     8 |    29 |     4 ||    42
Evoke: Wand              |     1 |       |       |       ||     1
  Use: Potion            |     1 |       |       |       ||     1
Armor: Crystal plate arm |       |    16 |    36 |    32 ||    84
Dodge: Dodged            |       |     1 |     1 |       ||     2
Block: Large shield      |       |    25 |    23 |       ||    48
